 Dungeon Crawl Stone Soup version 0.18.1-50-g88ac8fd (webtiles) character file.

6165 magog001 the Cleaver (level 10, -2/91 HPs)
             Began as a Minotaur Fighter on Sept 1, 2017.
             Was a Follower of Nemelex Xobeh.
             Slain by an ice devil (19 damage)
             ... in an ice cave.
             The game lasted 01:00:26 (10087 turns).

magog001 the Cleaver (Minotaur Fighter)            Turns: 10087, Time: 01:00:29

Health: -2/91      AC: 12    Str: 25    XL:     10   Next: 60%
Magic:  8/8        EV: 10    Int:  5    God:    Nemelex Xobeh [*.....]
Gold:   113        SH: 11    Dex:  9    Spells: 0 memorised, 9 levels left

rFire  . . .     SeeInvis +     a - +0 war axe
rCold  . . .     Gourm    .     y - +3 scale mail {rPois}
rNeg   . . .     Faith    .     c - +0 shield
rPois  +         Spirit   .     (helmet restricted)
rElec  .         Dismiss  .     (no cloak)
rCorr  .         Reflect  .     w - +0 pair of gloves
SustAt .         Harm     .     (no boots)
MR     .....                    D - amulet of regeneration
Stlth  ..........               (no ring)
                                R - ring of see invisible

@: not resistant to hostile enchantments, extremely unstealthy
A: retaliatory headbutt, horns 2, talons 1, low mp 1, poison resistance, sturdy
frame 1
a: Renounce Religion


You were in an ice cave.
You worshipped Nemelex Xobeh.
Nemelex Xobeh was aware of your devotion.
You were not hungry.

You visited 2 branches of the dungeon, and saw 12 of its levels.
You also visited: Ice Cave.

You collected 520 gold pieces.
You spent 407 gold pieces at shops.

Inventory:

Hand Weapons
 a - a +0 war axe (weapon)
Missiles
 g - 106 sling bullets
 B - 119 stones
 N - 9 tomahawks (quivered)
Armour
 c - a +0 shield (worn)
 w - a +0 pair of gloves (worn)
 y - a +3 scale mail of poison resistance (worn)
Jewellery
 j - an uncursed amulet of the gourmand
 D - an amulet of regeneration (around neck)
 I - an uncursed amulet of faith
 R - a ring of see invisible (left hand)
Wands
 u - a wand of confusion (35/48)
 F - a wand of slowing (17/48)
 G - a wand of iceblast (6/15)
 M - a wand of teleportation (7/9)
Scrolls
 e - 2 scrolls of magic mapping
 l - a scroll of recharging
 m - 2 scrolls of identify
 q - a scroll of teleportation
 t - 2 scrolls of silence
 A - 4 scrolls of remove curse
 C - a scroll of blinking
 E - a scroll of acquirement {unknown}
Potions
 i - a potion of ambrosia
 n - a potion of magic
 o - a potion of agility
 p - 2 potions of flight
 r - a potion of curing
 x - a potion of resistance
 z - 2 potions of cure mutation
 H - a potion of mutation {unknown}
Miscellaneous
 b - a phantom mirror
 d - a plain deck of destruction
 s - a plain deck of war
 P - a plain deck of summoning {drawn: 3}
 Q - an ornate deck of destruction {drawn: 1}
 T - a disc of storms
Comestibles
 f - 12 bread rations
 h - 7 meat rations
 v - 6 beef jerkies


   Skills:
 * Level 9.4 Fighting
 * Level 10.4 Axes
 * Level 5.2 Throwing
 + Level 8.2 Armour
 - Level 4.1 Dodging
 + Level 1.0 Stealth
 + Level 9.1 Shields
 - Level 0.3 Evocations


You had 9 spell levels left.
You didn't know any spells.

Dungeon Overview and Level Annotations

Branches:
Dungeon (11/15)            Temple (0/1) D:7            Lair (1/8) D:9
    Orc: D:9-12

Altars:
Ashenzari
Dithmenos
Fedhas
Kikubaaqudgha
Makhleb
Nemelex Xobeh
Okawaru
Pakellas
Ru
Sif Muna
Vehumet
Xom
Yredelemnul
Zin
The Shining One

Shops:
D:5 }   D:7 !%[?[   D:11 *


Innate Abilities, Weirdness & Mutations

You reflexively headbutt those who attack you in melee.
You have a pair of horns on your head.
You have sharp toenails.
Your magical capacity is low (-10% MP).
Your system is resistant to poisons.
Your movements are slightly less encumbered by armour (ER -2).


Message History

There is a frozen archway here.
The world spins around you as you enter the gateway.
You enter an ice cave!
Found an ice covered gate leading back out of this place.
There is an ice choked empty arch of ancient stone here.
You start resting.
HP restored.
An ice devil comes into view. 2 ice devils come into view.
The ice devil hits you! The ice devil freezes you!!
You barely miss the ice devil. You block the ice devil's attack.
You slash the ice devil!
You claw the ice devil, but do no damage.
The ice devil is lightly wounded.
You hit the ice devil but do no damage. The ice devil hits you!
The ice devil freezes you!! The ice devil hits you!
* * * LOW HITPOINT WARNING * * *
The ice devil freezes you!!
You die...
Your body disappears without a glow.

##...##
##.....##
#...∩...#
#...∩...#
##.....##
##...## #...##
##...# ##@..#
#444## #...#
#.....#
.........
...........
#.............#
...............
...............


You could see 3 ice devils.

Vanquished Creatures
  An unseen horror (D:11)
  A troll (D:9)
  Prince Ribbit (D:8)
  A hungry ghost (D:7)
  Eustachio (D:5)
  A hippogriff (D:6)
  Menkaure (D:7)
  Duvessa (D:5)
  A water moccasin (Lair:1)
  5 ice beasts
  A sky beast (D:11)
  2 orc warriors
  A phantom (D:8)
  A black bear (D:7)
  6 ogres
  2 wolves (D:9)
  2 crocodiles
  Blork the orc (D:5)
  A big kobold (D:9)
  7 giant frogs
  A gnoll sergeant (D:8)
  Dowan (D:5)
  5 scorpions
  An electric eel (D:9)
  5 howler monkeys
  A crimson imp (D:10)
  4 orc priests
  9 hounds
  A centaur skeleton (D:3)
  2 jellies
  6 orc wizards
  A giant frog skeleton (D:5)
  Terence (D:2)
  Ijyb (D:2)
  3 iguanas
  9 worker ants
  6 sheep (Lair:1)
  A hound zombie (D:5)
  A hound skeleton (D:9)
  11 adders
  4 gnolls (D:8)
  3 shadow imps
  2 oozes
  An adder zombie (D:6)
  An adder skeleton (D:7)
  5 worms (D:2)
  5 dart slugs
  7 giant geckos
  28 orcs
  A ball python (D:4)
  8 bats
  7 giant cockroaches
  10 goblins
  4 hobgoblins
  8 jackals
  3 quokkas
  A giant cockroach zombie (D:6)
  4 giant newts
  8 kobolds
  A quokka zombie (D:5)
  9 rats
228 creatures vanquished.

Vanquished Creatures (collateral kills)
  Grinder (D:6)
  A scorpion (D:6)
  An orc wizard (D:5)
  An orc (D:5)
4 creatures vanquished.

Vanquished Creatures (others)
  A withered plant (D:7)
1 creature vanquished.

Grand Total: 233 creatures vanquished

Notes
Turn   | Place    | Note
--------------------------------------------------------------
     0 | D:1      | magog001 the Minotaur Fighter began the quest for the Orb.
     0 | D:1      | Reached XP level 1. HP: 19/19 MP: 0/0
   276 | D:1      | Reached XP level 2. HP: 27/27 MP: 1/1
   931 | D:2      | Noticed Ijyb
   990 | D:2      | Found a radiant altar of Vehumet.
   997 | D:2      | Reached XP level 3. HP: 33/33 MP: 2/2
  1003 | D:2      | Reached skill level 1 in Dodging
  1067 | D:2      | Reached XP level 4. HP: 34/40 MP: 3/3
  1084 | D:2      | Killed Ijyb
  1197 | D:2      | Reached skill level 3 in Axes
  1513 | D:2      | Reached XP level 5. HP: 47/47 MP: 4/4
  1617 | D:2      | Noticed Terence
  1627 | D:2      | Killed Terence
  1672 | D:2      | Found a shadowy altar of Dithmenos.
  1977 | D:3      | Found a glowing silver altar of Zin.
  2071 | D:3      | Reached skill level 4 in Axes
  2310 | D:3      | Found a sacrificial altar of Ru.
  2459 | D:4      | Reached XP level 6. HP: 52/53 MP: 5/5
  2465 | D:4      | Found a shimmering altar of Xom.
  2688 | D:4      | Reached skill level 5 in Shields
  2696 | D:4      | Found a shattered altar of Ashenzari.
  2992 | D:4      | Reached skill level 5 in Armour
  3235 | D:5      | Entered Level 5 of the Dungeon
  3240 | D:5      | Got a pair of polished gloves
  3258 | D:5      | Identified the cursed +0 pair of gloves of Okawaru's Indignation {Str-4 Int+5 Dex+5} (You found it on level 5 of the Dungeon)
  3498 | D:5      | Noticed Eustachio
  3512 | D:5      | Killed Eustachio
  3512 | D:5      | Reached skill level 5 in Fighting
  3537 | D:5      | Reached XP level 7. HP: 43/61 MP: 6/6
  3573 | D:5      | Reached skill level 5 in Axes
  3649 | D:5      | Found a sparkling altar of Nemelex Xobeh.
  3653 | D:5      | Got a ripped robe
  3667 | D:5      | Became a worshipper of Nemelex Xobeh the Trickster
  3731 | D:5      | Noticed a vampire mosquito
  3985 | D:5      | Noticed Blork the orc
  3995 | D:5      | Killed Blork the orc
  4008 | D:5      | Received a gift from Nemelex Xobeh
  4092 | D:5      | Found Caileuxi's Gadget Emporium.
  4100 | D:5      | Reached skill level 1 in Throwing
  4149 | D:5      | Bought a disc of storms for 220 gold pieces
  4296 | D:5      | Noticed Dowan
  4297 | D:5      | Noticed Duvessa
  4316 | D:5      | Killed Duvessa
  4324 | D:5      | Killed Dowan
  4324 | D:5      | Reached XP level 8. HP: 15/68 MP: 7/7
  4816 | D:6      | Reached skill level 6 in Axes
  4867 | D:6      | Identified the +0 robe of Birdsong {rF+ rC+ rN+} (You found it on level 5 of the Dungeon)
  5064 | D:6      | Reached * piety under Nemelex Xobeh
  5096 | D:6      | Noticed Grinder
  5109 | D:6      | Killed Grinder
  5109 | D:6      | Reached skill level 7 in Axes
  5451 | D:6      | Found a deep blue altar of Sif Muna.
  5452 | D:6      | Found a burning altar of Makhleb.
  5498 | D:6      | Found an oddly glowing altar of Pakellas.
  5498 | D:6      | Found a glowing golden altar of the Shining One.
  5983 | D:7      | Found Emuuh's Antique Armour Boutique.
  6044 | D:7      | Noticed Menkaure
  6052 | D:7      | Killed Menkaure
  6052 | D:7      | Reached XP level 9. HP: 15/78 MP: 8/8
  6333 | D:7      | Found a staircase to the Ecumenical Temple.
  6342 | D:7      | Received a gift from Nemelex Xobeh
  6345 | D:7      | Found Kociokog's Magic Scroll Shop.
  6413 | D:7      | Reached ** piety under Nemelex Xobeh
  6435 | D:7      | Bought a scroll of magic mapping for 49 gold pieces
  6464 | D:7      | Reached skill level 8 in Axes
  6712 | D:7      | Found Gyori's Antique Armour Shop.
  6765 | D:7      | Found an ancient bone altar of Kikubaaqudgha.
  6943 | D:7      | Found Ylonwoag's Distillery.
  6954 | D:7      | Bought a potion of heal wounds for 60 gold pieces
  6985 | D:7      | Found Feqegam's Food Emporium.
  7160 | D:8      | Found a basalt altar of Yredelemnul.
  7181 | D:8      | Received a gift from Nemelex Xobeh
  7293 | D:8      | You fall through a shaft for 3 floors!
  7300 | D:11     | Found Bizeoc's Assorted Antiques.
  7310 | D:11     | Bought a scroll labeled DYNIW JUAQUS for 28 gold pieces
  7310 | D:11     | Bought 2 smoky grey potions for 50 gold pieces
  7404 | D:11     | Noticed an unseen horror
  7423 | D:11     | Killed an unseen horror
  7423 | D:11     | Reached skill level 9 in Axes
  7427 | D:11     | Got a translucent leather armour
  7430 | D:11     | Gained mutation: Your movements are slightly less encumbered by armour (ER -2). [mutagenic meat]
  7431 | D:11     | Gained mutation: Your system is resistant to poisons. [mutagenic meat]
  7432 | D:11     | Gained mutation: You have sharp toenails. [mutagenic meat]
  7433 | D:11     | Gained mutation: Your magical capacity is low (-10% MP). [mutagenic meat]
  7450 | D:10     | Entered Level 10 of the Dungeon
  7765 | D:9      | Reached XP level 10. HP: 89/89 MP: 8/8
  7808 | D:8      | Identified the +3 leather armour "Pykef" {Dex+3} (You found it on level 11 of the Dungeon)
  8222 | D:8      | Found an iron altar of Okawaru.
  8267 | D:8      | Noticed Prince Ribbit
  8539 | D:8      | Killed Prince Ribbit
  8790 | D:9      | Reached skill level 1 in Stealth
  8818 | D:9      | HP: 3/91 [electric eel/bolt of electricity (9)]
  9215 | D:9      | Found a basalt altar of Yredelemnul.
  9274 | D:9      | Reached skill level 5 in Throwing
  9307 | D:9      | Reached skill level 10 in Axes
  9513 | D:9      | Found a staircase to the Lair.
  9592 | D:9      | Found a blossoming altar of Fedhas.
  9877 | Lair:1   | Entered Level 1 of the Lair of Beasts
 10035 | Lair:1   | Found a frozen archway.
 10039 | IceCv    | Entered an ice cave
 10087 | IceCv    | Slain by an ice devil

Skill      XL: |  1  2  3  4  5  6  7  8  9 10 |
---------------+-------------------------------+-----
Armour         | 4 5 6 7 8 |  8.2
Fighting       | 4 5 6 8 9 |  9.4
Dodging        | 1 2 3 4 |  4.1
Shields        | 4 5 6 7 8 9 |  9.1
Axes           | 3 4 5 7 9 10 | 10.4
Throwing       | 1 3 4 5 |  5.2
Stealth        | 1 |  1.0
Evocations     | |  0.3

Action                   |  1- 3 |  4- 6 |  7- 9 | 10-12 || total
-------------------------+-------+-------+-------+-------++-------
Melee: War axe           |    84 |   135 |   335 |   173 ||   727
       Headbutt          |    15 |    23 |    67 |    40 ||   145
       Kick              |       |       |    12 |    53 ||    65
Throw: Stone             |       |       |    11 |       ||    11
       Tomahawk          |       |       |    13 |     8 ||    21
Evoke: Deck              |       |       |     4 |       ||     4
       Wand              |       |       |       |     1 ||     1
  Use: Potion            |       |     1 |     8 |     5 ||    14
       Scroll            |       |     2 |    16 |     2 ||    20
  Eat: Chunk             |     6 |     8 |    22 |     1 ||    37
       Fruit             |       |       |     3 |       ||     3
       Pizza             |       |       |     1 |       ||     1
       Beef jerky        |       |       |     1 |     1 ||     2
       Meat ration       |       |       |       |     1 ||     1
Armor: Scale mail        |    39 |    54 |   128 |    66 ||   287
       Skin              |       |       |     6 |       ||     6
Dodge: Dodged            |    28 |    47 |   121 |    53 ||   249
Block: Shield            |    50 |    72 |   190 |   112 ||   424
